 Dungeon Crawl Stone Soup version 0.31-a0-844-gdc52ec4e09 (webtiles) character file.

Game seed: 14816453134381812031

3098 Ijustatesigmund the Thaumaturge (level 9, -1/52 HPs)
             Began as a Deep Elf Fire Elementalist on Sept 28, 2023.
             Was an Initiate of Vehumet.
             Slain by a gnoll sergeant
             ... wielding a +0 trident
              (13 damage)
             ... on level 8 of the Dungeon.
             The game lasted 00:15:11 (8274 turns).

Ijustatesigmund the Thaumaturge (DEFE)              Turns: 8274, Time: 00:15:11

Health: -1/52      AC:  5    Str:  5    XL:     9   Next: 59%
Magic:  10/23      EV: 14    Int: 31    God:    Vehumet [......]
Gold:   429        SH:  5    Dex: 21    Spells: 18/25 levels left

rFire   . . .        u - +8 trident of the Octopus King {venom, rElec rPois}
rCold   . . .        (no shield)
rNeg    . . .        a - +1 robe {Will+}
rPois   +            (no helmet)
rElec   +            J - +0 cloak
rCorr   .            (no gloves)
SInv    .            m - +0 pair of boots
Will    +....        E - amulet of reflection
Stlth   ++           z - +6 ring of dexterity
HPRegen 0.28/turn    B - +6 ring of intelligence
MPRegen 0.18/turn

%: reflection
@: no status effects
A: no striking features
a: Renounce Religion


You were on level 8 of the Dungeon.
You worshipped Vehumet.
Vehumet was noncommittal.
You visited 2 branches of the dungeon, and saw 9 of its levels.

You collected 485 gold pieces.
You spent 56 gold pieces at shops.

Inventory:

Hand Weapons
 l - a +0 sling
 n - a +3 hand axe of flaming
 u - the +8 trident of the Octopus King (weapon) {venom, rElec rPois}
   (You took it off an orc on level 7 of the Dungeon)

   rElec:     It insulates you from electricity.
   rPois:     It protects you from poison
Armour
 a - a +1 robe of willpower (worn)
 j - a +0 buckler
 m - a +0 pair of boots (worn)
 J - a +0 cloak (worn)
Jewellery
 z - a +6 ring of dexterity (left hand)
 B - a +6 ring of intelligence (right hand)
 E - an amulet of reflection (around neck)
 G - an amulet of guardian spirit
Wands
 v - a wand of acid (5)
 D - a wand of flame (36)
Scrolls
 e - a scroll of brand weapon {unknown}
 g - a scroll of enchant weapon
 i - 2 scrolls of enchant armour {unknown}
 o - a scroll of acquirement {unknown}
 q - 3 scrolls of fear
 r - a scroll of silence {unknown}
 s - a scroll of revelation {unknown}
 t - a scroll of torment {unknown}
 w - 2 scrolls of vulnerability {unknown}
 x - 2 scrolls of fog {unknown}
 y - a scroll of poison
 A - 2 scrolls of immolation {unknown}
 H - a scroll of teleportation {unknown}
Potions
 b - a potion of magic
 c - 2 potions of attraction
 d - 2 potions of enlightenment
 f - a potion of cancellation
 h - a potion of brilliance
 k - 2 potions of might
 p - 2 potions of lignification
 C - a potion of curing
 F - a potion of degeneration {unknown}
 I - a potion of heal wounds


   Skills:
 - Level 4.5 Fighting
 + Level 4.2 Dodging
 - Level 2.4 Stealth
 + Level 8.8 Spellcasting
 + Level 7.0 Conjurations
 + Level 7.8 Fire Magic
 - Level 4.3 Evocations


You had 18 spell levels left.
You knew the following spells:

 Your Spells              Type           Power      Damage    Failure   Level
a - Foxfire               Conj/Fire      100%       2x1d9     1%          1
b - Scorch                Fire           100%       2d9       1%          2
c - Flame Wave            Conj/Fire      56%        2d13      1%          4

Your spell library contained the following spells:

 Spells                   Type           Power      Damage    Failure   Level
 Inner Flame              Hex/Fire       38%        N/A       2%          3
 Volatile Blastmotes      Fire/Tloc      76%        2d16      2%          3
 Necrotise                Necr           52%        1d6       3%          1
 Ensorcelled Hibernation  Hex/Ice        26%        N/A       5%          2
 Passwall                 Tmut/Erth      10%        N/A       5%          2
 Swiftness                Air            13%        N/A       11%         3
 Vampiric Draining        Necr           13%        2d6       11%         3
 Agony                    Necr           13%        N/A       71%         5


Dungeon Overview and Level Annotations

Branches:
Dungeon (8/15)             Temple (1/1) D:5
   Lair: D:8-11

Altars:
Ashenzari
Cheibriados
Dithmenos
Elyvilon
Gozag
Hepliaklqana
Kikubaaqudgha
Makhleb
Nemelex Xobeh
Okawaru
Ru
Sif Muna
Uskayaw
Vehumet
Xom
Yredelemnul
Zin
The Shining One

Shops:
D:6 *   D:7 *

Annotations:
D:5 2 runed translucent doors, leebro123's ghost, amateur KoEn


Message History

You conjure some foxfire!
A gnoll comes into view. It is wielding a +0 spear.
The gnoll sergeant hits you from afar with a +0 trident!
The foxfire hits the gnoll sergeant but does no damage.
You block the gnoll sergeant's attack.
Casting: Foxfire (safe; 1% risk of failure)
Confirm with . or Enter, or press ? or * to list all spells.
Flames lash the gnoll.
The gnoll is severely wounded.
The gnoll's fire resistance burns away.
The gnoll sergeant misses you.
The gnoll sergeant hits you but does no damage.
Casting: Scorch (safe; 1% risk of failure)
Confirm with . or Enter, or press ? or * to list all spells.
Flames lash the gnoll.
The gnoll is burned terribly!
You kill the gnoll!
Vehumet accepts your kill. The gnoll sergeant closely misses you.
The gnoll sergeant hits you from afar with a +0 trident!
Casting: Scorch (safe; 1% risk of failure)
Confirm with . or Enter, or press ? or * to list all spells.
Flames lash the gnoll.
You kill the gnoll!
Vehumet accepts your kill.
The gnoll sergeant hits you but does no damage.
The gnoll sergeant barely misses you.
Casting: Scorch (safe; 1% risk of failure)
Confirm with . or Enter, or press ? or * to list all spells.
Flames lash the gnoll sergeant.
The gnoll sergeant is moderately wounded.
The gnoll sergeant's fire resistance burns away.
The gnoll sergeant closely misses you.
The gnoll sergeant hits you from afar with a +0 trident!
Casting: Scorch (safe; 1% risk of failure)
Confirm with . or Enter, or press ? or * to list all spells.
Flames lash the gnoll sergeant.
The gnoll sergeant is burned terribly!
The gnoll sergeant is moderately wounded.
The gnoll sergeant hits you from afar with a +0 trident!
* * * LOW HITPOINT WARNING * * *
The gnoll sergeant hits you from afar with a +0 trident!
You die... # ....#########.. .......@.gg.... ...########.... .

You could see a gnoll sergeant (combustible) and a gnoll.

Vanquished Creatures
  Pikel (D:5)
  Duvessa (D:5)
  2 water moccasins (D:6)
  An orc warrior (D:7)
  An ice beast (D:5)
  A black bear (D:5)
  A centaur (D:7)
  An ogre (D:6)
  A lemure (D:5)
  2 bullfrogs (D:7)
  4 scorpions
  12 wights (D:7)
  Dowan (D:5)
  A howler monkey (D:7)
  3 orc priests (D:7)
  4 hounds
  Crazy Yiuf (D:7)
  3 sleepcaps
  3 iguanas
  5 orc wizards
  3 gnolls (D:8)
  14 adders
  2 shadow imps (D:6)
  An ufetubus (D:6)
  2 worms
  3 dart slugs
  23 orcs
  3 bats
  5 endoplasms
  2 giant cockroaches
  8 goblins
  4 hobgoblins
  7 jackals
  2 quokkas (D:2)
  6 ball pythons
  5 kobolds
  5 rats
144 creatures vanquished.

Vanquished Creatures (others)
  A sky beast (D:7)
  289 foxfires
290 creatures vanquished.

Grand Total: 434 creatures vanquished

Notes
Turn   | Place    | Note
-------+----------+-------------------------------------------
     0 | D:1      | Ijustatesigmund the Deep Elf Fire Elementalist began the
                  | quest for the Orb.
     0 | D:1      | Reached XP level 1. HP: 10/10 MP: 6/6
   448 | D:1      | Reached XP level 2. HP: 16/16 MP: 6/8
   477 | D:1      | Learned a level 2 spell: Scorch
  1167 | D:2      | Reached XP level 3. HP: 20/20 MP: 8/10
  1177 | D:2      | Reached skill level 1 in Fighting
  1510 | D:2      | Found a radiant altar of Vehumet.
  1525 | D:2      | Reached XP level 4. HP: 25/25 MP: 6/11
  1534 | D:2      | Learned a level 4 spell: Flame Wave
  2257 | D:3      | Found a basalt altar of Yredelemnul.
  2274 | D:3      | Reached skill level 4 in Spellcasting
  2927 | D:3      | Reached XP level 5. HP: 26/30 MP: 6/13
  3569 | D:4      | Reached XP level 6. HP: 9/35 MP: 5/15
  3814 | D:4      | Reached skill level 5 in Spellcasting
  4253 | D:5      | Entered Level 5 of the Dungeon
  4457 | D:5      | Reached skill level 5 in Fire Magic
  4497 | D:5      | Noticed Duvessa
  4624 | D:6      | Found a sacrificial altar of Ru.
  4665 | D:6      | Reached XP level 7. HP: 29/40 MP: 6/17
  5111 | D:6      | Reached skill level 6 in Spellcasting
  5111 | D:6      | Reached skill level 1 in Evocations
  5510 | D:6      | Found Delialif's Serpentskin Sales.
  5601 | D:6      | Bought a scroll of poison for 56 gold pieces
  5623 | D:7      | Found Hupt's General Store.
  5628 | D:7      | Reached XP level 8. HP: 46/46 MP: 12/19
  5633 | D:7      | Reached skill level 5 in Conjurations
  5954 | D:7      | Reached skill level 7 in Spellcasting
  6086 | D:7      | Found a shimmering altar of Xom.
  6814 | D:7      | Found an iron altar of Okawaru.
  6823 | D:7      | Reached XP level 9. HP: 44/52 MP: 20/22
  7086 | D:7      | Found a runed translucent door.
  7087 | D:7      | Noticed Crazy Yiuf
  7153 | D:5      | Noticed Dowan
  7161 | D:5      | Killed Dowan
  7162 | D:5      | Reached skill level 8 in Spellcasting
  7164 | D:5      | Killed Duvessa
  7441 | D:5      | Noticed Pikel
  7450 | D:5      | Killed Pikel
  7605 | D:5      | Found a staircase to the Ecumenical Temple.
  7701 | D:5      | Identified the +7 war axe of Stickiness {freeze, rN+ Int+3
                  | Dex-4}
  7815 | D:5      | Found a large runed translucent door.
  7816 | D:5      | Found a large runed translucent door.
  7818 | D:5      | Noticed leebro123's ghost (amateur KoEn)
  8036 | Temple   | Entered the Ecumenical Temple
  8044 | Temple   | Became a worshipper of Vehumet
  8181 | D:7      | Killed Crazy Yiuf
  8274 | D:8      | Slain by a gnoll sergeant

Illustrated notes

Levels and vault maps discovered:
D:1:      dpeg_arrival_concentric_ovals, layout_basic, reono_crystal_passage,
          kennysheep_another_room
D:2:      layout_loops_corners, basic_altar, serial_bayou, serial_bayou_pond_e,
          serial_bayou_ford_a, serial_bayou_pond_c, serial_bayou_pond_b,
          hangedman_feature_mirror
D:3:      layout_basic, mainiacjoe_overflow_boulevard
D:4:      layout_loops_ring
D:5:      layout_basic, minmay_temple_entry_statues_pillars,
          ebering_ghost_disaster_area, corner_web_ring, minivault_19,
          nicolae_the_louvre, uniq_pikel, uniq_duvessa
D:6:      layout_cave_pods, mainiacjoe_overflow_cross_hatched,
          guppyfry_shop_venom
D:7:      layout_loops_ring, amcnicky_altar_gilded, okawaru_trees_1,
          serial_shops, nicolae_shop_statue_plus, st_stairs_13,
          uniq_crazy_yiuf_cottage
D:8:      layout_rooms, lair_entry_dummy
Temple:   eino_narrow_crystal_temple

Skill      XL: |  1  2  3  4  5  6  7  8  9 |
---------------+----------------------------+-----
Conjurations   | 2 3 4 6 7 |  7.0
Fighting       | 1 2 3 4 |  4.5
Fire Magic     | 4 5 6 7 |  7.8
Spellcasting   | 4 5 6 7 8 |  8.8
Evocations     | 2 4 |  4.3
Dodging        | 4 |  4.2
Stealth        | |  2.4

Action                     |  1- 3 |  4- 6 |  7- 9 || total
---------------------------+-------+-------+-------++-------
  Melee: Hand axe          |       |    17 |     3 ||    20
         Trident           |       |       |    15 ||    15
   Cast: Foxfire           |    47 |    74 |    58 ||   179
         Scorch            |     4 |    25 |    40 ||    69
         Flame Wave        |       |     2 |    13 ||    15
  Evoke: Wand              |       |       |     3 ||     3
    Use: Scroll            |       |     5 |     6 ||    11
         Potion            |       |     2 |     2 ||     4
   Stab: Sleeping          |       |     1 |       ||     1
 Armour: Robe              |     4 |    35 |    55 ||    94
  Dodge: Dodged            |     5 |    34 |    40 ||    79
  Block: Other             |       |       |     4 ||     4

Table legend: (Time is in decaauts)
 A = Elapsed time spent in this place.
 B = Non-inter-level travel time spent in this place.
 C = Inter-level travel time spent in this place.
 D = Time resting spent in this place.
 E = Time spent auto-exploring this place.
 F = Levels seen in this place.
 G = Mean time per level.
                   A        B        C        D        E       F      G
               +--------+--------+--------+--------+--------+-----+--------+
         Total |   8279 |   7889 |    390 |   1110 |   5719 |   9 |  919.9 |
       Dungeon |   8262 |   7873 |    389 |   1110 |   5719 |   8 | 1032.8 |
        Temple |     16 |     16 |      0 |      0 |      0 |   1 |   16.0 |
               +--------+--------+--------+--------+--------+-----+--------+

Top non-repeatable levels by time:
     D:7: 1443 daAuts
     D:6: 1289 daAuts
     D:5: 1237 daAuts
     D:2: 1225 daAuts
     D:4: 1085 daAuts
     D:3: 1081 daAuts
     D:1: 877 daAuts
     D:8: 21 daAuts
  Temple: 16 daAuts
